 Dungeon Crawl Stone Soup version 0.22.0-6-g71bd7aa (webtiles) character file.

57 Firebatgyro the Skirmisher (level 4, -2/49 HPs)
             Began as an Ogre Hunter on Aug 14, 2018.
             Slain by a goblin
             ... wielding a cursed +0 dagger
             ... led by Robin
              (6 damage)
             ... on level 2 of the Dungeon.
             The game lasted 00:03:12 (2259 turns).

Firebatgyro the Skirmisher (Ogre Hunter)            Turns: 2259, Time: 00:03:13

Health: -2/49      AC:  4    Str: 14 (17) XL:     4   Next: 0%
Magic:  4/4        EV:  9    Int: 11 (12) God:
Gold:   108        SH:  0    Dex:  6 (9)  Spells: 3/3 levels left

rFire    . . .     SeeInvis .   e - +0 whip
rCold    . . .     Gourm    .   (no shield)
rNeg     . . .     Faith    .   b - +0 robe
rPois    .         Spirit   .   s - +1 hat
rElec    .         Reflect  .   (no cloak)
rCorr    .         Harm     .   (gloves unavailable)
MR       .....                  (boots unavailable)
Stlth    +.........             (no amulet)
HPRegen  0.16/turn              (no ring)
MPRegen  0.09/turn              (no ring)

@: no status effects
A: large, unfitting armour, tough skin 1
a: no special abilities


You were on level 2 of the Dungeon.
You were not hungry.

You visited 1 branch of the dungeon, and saw 2 of its levels.

You collected 108 gold pieces.

Inventory:

Hand Weapons
 a - a +0 short sword
 e - a +0 whip (weapon)
Missiles
 i - 8 poisoned needles
Armour
 b - a +0 robe (worn)
 s - a +1 hat (worn)
Scrolls
 h - a scroll of noise
 j - a scroll of immolation {unknown}
 k - a scroll of identify {unknown}
 m - a scroll of remove curse {unknown}
 n - a scroll of fear {unknown}
Potions
 g - a potion of degeneration
 o - a potion of ambrosia
 q - a potion of might {unknown}
 t - a potion of haste {unknown}
 u - a potion of curing {unknown}
Comestibles
 f - 5 rations
 r - 2 chunks of flesh


   Skills:
 + Level 4.4 Fighting
 + Level 1.9 Maces & Flails
 - Level 4.0 Throwing
 - Level 1.7 Dodging
 - Level 0.6 Stealth


You had 3 spell levels left.
You didn't know any spells.
Your spell library was empty.

Dungeon Overview and Level Annotations

Branches:
Dungeon (2/15)

Altars:
Cheibriados
Nemelex Xobeh


Innate Abilities, Weirdness & Mutations

You are too large for most types of armour.
You have tough skin. (AC +1)


Message History

You kill the goblin!
You have reached level 4!
The goblin hits you with a dagger.
* * * LOW HITPOINT WARNING * * *
Things that are here:
a large rock; a club Throwing (i - inventory)
d - 2 throwing nets (quivered)
Press: ? - help, Shift-Dir - straight line, f - goblin
Aim: a goblin, wielding a dagger (unusually strong)
You throw a throwing net.
The throwing net barely misses the goblin.
The throwing net hits the goblin.
The goblin is caught in the net!
The goblin barely misses you.
Throwing (i - inventory)
d - a throwing net (quivered)
Press: ? - help, Shift-Dir - straight line, f/p - goblin
Aim: a goblin, wielding a dagger (unusually strong)
You throw a throwing net. The throwing net misses the goblin.
The throwing net hits the goblin.
The goblin struggles against the net.
The goblin hits you with a dagger.
You die...

########### ..........#
###..####.# # #..#.##.#
###.....#.#############
#...........(...@gg.((#
#.#........##########)#
#.#.........# #.#
#.##.###...## #)#
.....# ##.## #g# #.####
#.# #.# #.# #.# #g# ♣♣♣
##+## #?# ..♣## ##...##
#.#


You could see 2 goblins.

Vanquished Creatures
  Robin (D:2)
  A worm (D:2)
  A dart slug (D:1)
  3 leopard geckos (D:1)
  A giant cockroach (D:2)
  10 goblins
  3 hobgoblins
  3 jackals (D:1)
  A quokka (D:2)
  3 bats
  A frilled lizard (D:2)
  2 kobolds
  8 rats
38 creatures vanquished.

Notes
Turn   | Place    | Note
-------+----------+-------------------------------------------
     0 | D:1      | Firebatgyro the Ogre Hunter began the quest for the Orb.
     0 | D:1      | Reached XP level 1. HP: 22/22 MP: 1/1
   452 | D:1      | Reached XP level 2. HP: 19/31 MP: 2/2
   801 | D:1      | Reached skill level 1 in Maces & Flails
  1737 | D:2      | Found a sparkling altar of Nemelex Xobeh.
  1749 | D:2      | Reached XP level 3. HP: 39/39 MP: 3/3
  2118 | D:2      | Found a snail-covered altar of Cheibriados.
  2207 | D:2      | Noticed Robin
  2250 | D:2      | Killed Robin
  2254 | D:2      | Reached XP level 4. HP: 6/49 MP: 4/4
  2259 | D:2      | Slain by a goblin

Skill      XL: |  1  2  3 |
---------------+----------+-----
Fighting       | 3 4 |  4.4
Maces & Flails | 1 |  1.9
Throwing       | |  4.0
Dodging        | |  1.7
Stealth        | |  0.6

Action                   |  1- 3 |  4- 6 || total
-------------------------+-------+-------++-------
Melee: Whip              |   184 |       ||   184
       Short sword       |     8 |       ||     8
Throw: Large rock        |     9 |       ||     9
       Throwing net      |       |     2 ||     2
  Use: Potion            |     4 |       ||     4
       Scroll            |     1 |       ||     1
 Stab: Sleeping          |     2 |       ||     2
  Eat: Chunk             |     4 |       ||     4
Armor: Robe              |    66 |       ||    66
Dodge: Dodged            |   114 |     1 ||   115
